 Dungeon Crawl Stone Soup version 0.22.1-1-ga44c0e5 (webtiles) character file.

150 whitewolfNL the Poker (level 5, -6/46 HPs)
             Began as a Minotaur Berserker on Oct 16, 2018.
             Was a Believer of Trog.
             Splashed by a jelly's acid (8 damage)
             ... on level 2 of the Dungeon.
             The game lasted 00:12:25 (2844 turns).

whitewolfNL the Poker (Minotaur Berserker)          Turns: 2844, Time: 00:12:27

Health: -6/46      AC: -5    Str: 22    XL:     5   Next: 10%
Magic:  4/4        EV: 10    Int:  4    God:    Trog [**....]
Gold:   103        SH:  0    Dex: 10    Spells: 4/4 levels left

rFire    x . .     SeeInvis .   i - +0 short sword (curse)
rCold    + . .     Gourm    .   (no shield)
rNeg     . . .     Faith    .   d - +0 scale mail
rPois    .         Spirit   .   (helmet restricted)
rElec    .         Reflect  .   (no cloak)
rCorr    .         Harm     .   (no gloves)
MR       .....                  (no boots)
Stlth    ..........             (no amulet)
HPRegen  0.15/turn              z - ring of ice
MPRegen  0.09/turn              (no ring)

@: corroded
A: retaliatory headbutt, horns 2
a: Berserk, Trog's Hand, Renounce Religion


You were on level 2 of the Dungeon.
You worshipped Trog.
Trog was pleased with you.
You were not hungry.

You visited 1 branch of the dungeon, and saw 2 of its levels.

You collected 103 gold pieces.

Inventory:

Hand Weapons
 a - a +0 spear
 h - a +0 dagger
 i - a cursed +0 short sword (weapon)
 j - a +0 spear
 l - a +0 club
 n - a +1 spear of venom
 r - a +0 club
 t - a +0 hand axe
 u - a +0 morningstar
 B - a +0 hunting sling
 C - a +1 dagger of electrocution
Missiles
 e - 108 stones (quivered)
 k - 7 poisoned javelins
 m - 21 poisoned needles
 o - 12 arrows
Armour
 d - a +0 scale mail (worn)
Jewellery
 z - a ring of ice (left hand)
Scrolls
 f - a scroll of amnesia
 g - 3 scrolls of magic mapping
 s - a scroll of enchant armour {unknown}
 v - a scroll of enchant weapon {unknown}
 x - a scroll of fog {unknown}
 y - a scroll of teleportation {unknown}
 D - a scroll of identify
Potions
 b - 3 potions of curing {unknown}
 p - a potion of flight {unknown}
 q - 2 potions of heal wounds {unknown}
 w - a potion of degeneration {unknown}
Comestibles
 c - 6 rations
 A - a chunk of flesh


   Skills:
 + Level 4.2 Fighting
 + Level 1.1 Short Blades
 * Level 5.3 Polearms
 + Level 3.5 Armour
 + Level 2.4 Dodging
 * Level 1.2 Stealth


You had 4 spell levels left.
You didn't know any spells.
Your spell library was empty.

Dungeon Overview and Level Annotations

Branches:
Dungeon (2/15)

Altars:


Innate Abilities, Weirdness & Mutations

You reflexively headbutt those who attack you in melee.
You have a pair of horns on your head.


Message History

The ooze jiggles.
Something hits the fungus.
The fungus is splashed with acid.
The acid corrodes the fungus!
The ooze hits the fungus.
You barely miss the jelly. The jelly hits you.
You are splashed with acid!
The acid burns!
Something hits the fungus.
The fungus is splashed with acid.
The acid corrodes the fungus!
The ooze hits the fungus.
The fungus is destroyed!
You hit the jelly but do no damage. The acid corrodes you!
Your hands burn!
The jelly hits you.
* * * LOW HITPOINT WARNING * * *
The acid corrodes you!
You are splashed with acid!
The acid burns!
* * * LOW HITPOINT WARNING * * *
You hit the jelly but do no damage.
Your hands burn!
* * * LOW HITPOINT WARNING * * *
You headbutt the jelly!
The jelly is heavily wounded.
The jelly hits you.
* * * LOW HITPOINT WARNING * * *
You are splashed with acid!
The acid burns!
You die...

.......## ### #...## .......# ###
#..... ....##.##[....J##(#######
#...##
.#####.##P.JPPP#(#.#....#####.##
.......##÷.J.J.#(#.#.....##.#.###
.#####.##..PPP÷#.#'#......'......
.......##.÷...J#†#.......††..####
###..####PP.PJ.#.#.......)).## ##
# #..# #.÷...J#@#.......##.####.
# #..# #.P..JJJ##......###......
# #..# #.....J########## #.####.
# #..# ####### #.# ## # #..#.#
#.# ## #..#.# #.# ##§ #..#<#
#.###)# #..#.# #.##.## ###..#.#
#.# #....#


You could see a jelly and 3 oozes.

Vanquished Creatures
  A jelly (D:2)
  Jessica (D:2)
  A hound skeleton (D:2)
  3 adders (D:2)
  A worm (D:2)
  A dart slug (D:2)
  2 bats (D:1)
  A bat skeleton (D:2)
  2 bat zombies (D:2)
  4 giant cockroaches
  3 hobgoblins (D:2)
  A ball python (D:1)
  2 frilled lizards (D:1)
  A giant cockroach zombie (D:2)
  7 goblins
  A jackal zombie (D:2)
  15 kobolds
  5 rats
52 creatures vanquished.

Vanquished Creatures (others)
  A fungus (D:2)
  4 toadstools (D:2)
5 creatures vanquished.

Grand Total: 57 creatures vanquished

Notes
Turn   | Place    | Note
-------+----------+-------------------------------------------
     0 | D:1      | whitewolfNL the Minotaur Berserker began the quest for the
                  | Orb.
     0 | D:1      | Reached XP level 1. HP: 19/19 MP: 0/0
   660 | D:1      | Reached skill level 4 in Polearms
   861 | D:1      | Reached XP level 2. HP: 27/27 MP: 1/1
  1711 | D:2      | Reached XP level 3. HP: 31/33 MP: 2/2
  2206 | D:2      | Reached skill level 5 in Polearms
  2305 | D:2      | Noticed Jessica
  2315 | D:2      | Killed Jessica
  2315 | D:2      | Reached skill level 1 in Stealth
  2315 | D:2      | Reached XP level 4. HP: 40/40 MP: 3/3
  2462 | D:2      | Reached ** piety under Trog
  2841 | D:2      | Reached skill level 1 in Short Blades
  2841 | D:2      | Reached XP level 5. HP: 32/46 MP: 4/4
  2844 | D:2      | HP: 2/46 [jelly (2)]
  2844 | D:2      | Splashed by a jelly's acid

Skill      XL: |  1  2  3  4 |
---------------+-------------+-----
Polearms       | 4 5 |  5.3
Fighting       | 4 |  4.2
Armour         | 3 |  3.5
Stealth        | 1 |  1.2
Short Blades   | 1 |  1.1
Dodging        | |  2.4

Action                   |  1- 3 |  4- 6 || total
-------------------------+-------+-------++-------
Melee: Spear             |    35 |       ||    35
       Headbutt          |    11 |     7 ||    18
       Short sword       |    45 |    36 ||    81
Invok: Berserk           |     3 |     1 ||     4
  Use: Scroll            |       |     2 ||     2
  Eat: Chunk             |     3 |       ||     3
       Ration            |     1 |     1 ||     2
Armor: Scale mail        |    32 |    18 ||    50
       Animal skin       |     2 |       ||     2
Dodge: Dodged            |    48 |    31 ||    79
